 Dungeon Crawl Stone Soup version 0.23-a0-8-gb809bb7 (webtiles) character file.

2378 corax the Covert (level 9, 0/46 HPs)
             Began as a Spriggan Assassin on Aug 1, 2018.
             Was an Initiate of Gozag.
             Slain by an orc warrior
             ... wielding a +0 short sword
              (15 damage)
             ... on level 7 of the Dungeon.
             The game lasted 00:36:28 (7814 turns).

corax the Covert (Spriggan Assassin)                Turns: 7814, Time: 00:36:29

Health: 0/46       AC:  3    Str: 10    XL:     9   Next: 21%
Magic:  10/10      EV: 24    Int: 12    God:    Gozag
Gold:   633        SH:  0    Dex: 18    Spells: 8/8 levels left

rFire    + . .     SeeInvis +   a - +2 dagger (elec)
rCold    x . .     Gourm    .   (shield restricted)
rNeg     + . .     Faith    .   c - +0 robe
rPois    .         Spirit   .   (helmet restricted)
rElec    .         Reflect  .   d - +0 cloak
rCorr    .         Harm     .   (gloves unavailable)
MR       +....                  (boots unavailable)
Stlth    +++++.....             (no amulet)
HPRegen  0.15/turn              y - ring of positive energy
MPRegen  0.12/turn              C - ring of fire

@: gold aura, very quick
A: very small, unfitting armour, see invisible, herbivore, speed 3, slow
metabolism 2
a: Potion Petition, Call Merchant, Bribe Branch, Renounce Religion


You were on level 7 of the Dungeon.
You worshipped Gozag.
Gozag was pleased with you.
You were not hungry.

You visited 2 branches of the dungeon, and saw 8 of its levels.
You also visited: Sewer.

You collected 679 gold pieces.
You paid 46 gold pieces to Gozag.

Inventory:

Hand Weapons
 a - a +2 dagger of electrocution (weapon)
 b - a +0 hunting sling
 t - a +0 blowgun
 x - a +2 dagger
Missiles
 f - 2 curare-tipped needles
 m - 88 stones
 u - 19 poisoned needles
 v - 19 sling bullets
 A - 28 tomahawks (quivered)
Armour
 c - a +0 robe (worn)
 d - a +0 cloak (worn)
Jewellery
 j - an uncursed ring of protection from magic {unknown}
 y - a ring of positive energy (left hand)
 C - a ring of fire (right hand)
 E - an uncursed ring of fire
Wands
 e - a wand of polymorph (15)
 H - a wand of paralysis (13)
Scrolls
 h - a scroll of blinking {unknown}
 l - 4 scrolls of identify
 p - 2 scrolls of fear {unknown}
 r - a scroll of vulnerability {unknown}
 s - 2 scrolls of teleportation
 F - a scroll of fog {unknown}
Potions
 i - 3 potions of might {unknown}
 k - a potion of degeneration {unknown}
 n - 2 potions of mutation {unknown}
 o - 2 potions of berserk rage
 q - a potion of lignification {unknown}
 w - 6 potions of curing
 z - a potion of invisibility
 B - a potion of heal wounds
 D - 3 potions of flight
 G - a potion of brilliance {unknown}
 I - a potion of agility {unknown}
Comestibles
 g - 6 rations


   Skills:
 + Level 4.8 Fighting
 + Level 6.4 Short Blades
 + Level 6.1(6.4) Slings
 - Level 2.4(4.1) Throwing
 + Level 8.1 Dodging
 + Level 10.3 Stealth


You had 8 spell levels left.
You didn't know any spells.
Your spell library was empty.

Dungeon Overview and Level Annotations

Branches:
Dungeon (7/15)             Temple (1/1) D:4

Altars:
Dithmenos
Elyvilon
Fedhas
Gozag
Kikubaaqudgha
Nemelex Xobeh
Okawaru
Qazlal
Ru
Sif Muna
Trog
Xom
Yredelemnul

Shops:
D:4 }


Innate Abilities, Weirdness & Mutations

You are very small and have problems with some larger weapons.
You are too small for most types of armour.
You have supernaturally acute eyesight. (SInv)
You are a herbivore.
You cover ground extremely quickly.
You need to consume almost no food.


Message History

You hit the orc warrior but do no damage.
Lightning courses through the orc warrior!
The orc warrior is severely wounded.
The leopard gecko hisses menacingly.
The orc warrior misses you.
You hit the orc warrior but do no damage.
The orc warrior is severely wounded.
The orc wizard is distracted by the nearby gold.
The orc warrior hits you with a short sword.
You barely miss the orc warrior.
The orc warrior is severely wounded.
The orc wizard shouts!
You hit the orc warrior.
The orc warrior is almost dead.
The orc warrior hits you with a short sword.
You closely miss the orc warrior.
The orc warrior is almost dead.
The orc warrior hits you with a short sword!
You die...
Your body crumbles into a pile of gold.

####......... #...# #####.#
.. #...# # #.# ##...### ###
#.# #......# #.## #.#
#....#.#### .#.#####.#####
#.#.......# ###..........#
#...##...l.
.#.####.####.#####o#.##.##.#
#.## #.##......@ol.....# ###
#<##.#.#####l..#### #
#.##.#.# ###..... #... ..#
#.#### #####.## #.# #. .# ..
#.


You could see an orc warrior, an orc wizard and 2 leopard geckos.

Vanquished Creatures
  A two-headed ogre (D:5)
  Grinder (D:6)
  Edmund (D:6)
  A sky beast (D:5)
  A phantom (D:6)
  2 ogres
  A centaur (D:5)
  A big kobold (Sewer)
  A gnoll sergeant (D:6)
  A scorpion (D:5)
  A crimson imp (D:5)
  A quasit (D:6)
  A centaur zombie (D:5)
  2 hounds
  A bullfrog zombie (D:6)
  Crazy Yiuf (D:2)
  Terence (D:2)
  An iguana (D:4)
  7 orc wizards
  A worker ant (D:4)
  A hound skeleton (D:7)
  Robin (D:2)
  8 gnolls (D:6)
  7 adders
  A river rat (Sewer)
  An adder skeleton (D:4)
  A worm (D:4)
  6 dart slugs
  3 leopard geckos
  14 orcs
  7 ball pythons
  6 bats
  7 giant cockroaches
  16 goblins
  8 hobgoblins
  15 jackals
  15 kobolds
  A quokka (D:5)
  11 frilled lizards
  A leopard gecko skeleton (D:4)
  A quokka zombie (D:7)
  18 rats
177 creatures vanquished.

Notes
Turn   | Place    | Note
-------+----------+-------------------------------------------
     0 | D:1      | corax the Spriggan Assassin began the quest for the Orb.
     0 | D:1      | Reached XP level 1. HP: 10/10 MP: 2/2
    72 | D:1      | Reached skill level 6 in Stealth
    80 | D:1      | Reached XP level 2. HP: 8/15 MP: 3/3
   526 | D:1      | Reached XP level 3. HP: 13/18 MP: 4/4
  1008 | D:2      | Noticed Terence
  1039 | D:2      | Killed Terence
  1039 | D:2      | Reached XP level 4. HP: 2/23 MP: 5/5
  1436 | D:2      | Reached skill level 1 in Slings
  1483 | D:2      | Found a white marble altar of Elyvilon.
  1604 | D:2      | Found a runed door.
  2088 | D:2      | Noticed Crazy Yiuf
  2088 | D:2      | Noticed Robin
  2277 | D:2      | Killed Crazy Yiuf
  2277 | D:2      | Reached XP level 5. HP: 27/27 MP: 6/6
  2390 | D:2      | Killed Robin
  2503 | D:3      | Found a blossoming altar of Fedhas.
  2782 | D:3      | Reached skill level 7 in Stealth
  3090 | D:4      | Found a glowing drain.
  3136 | Sewer    | Entered a sewer
  3334 | Sewer    | Reached XP level 6. HP: 32/32 MP: 7/7
  3469 | Sewer    | Found a white marble altar of Elyvilon.
  3640 | D:4      | Found a staircase to the Ecumenical Temple.
  3659 | Temple   | Entered the Ecumenical Temple
  3678 | Temple   | Became a worshipper of Gozag Ym Sagoz the Greedy
  4472 | D:4      | Found Casymel's Gadget Boutique.
  4567 | D:4      | Noticed a moth of wrath
  4570 | D:4      | Found a bloodstained altar of Trog.
  4842 | D:5      | Entered Level 5 of the Dungeon
  4977 | D:5      | Noticed a two-headed ogre
  5051 | D:5      | Killed a two-headed ogre
  5051 | D:5      | Reached skill level 5 in Short Blades
  5051 | D:5      | Reached skill level 8 in Stealth
  5051 | D:5      | Reached XP level 7. HP: 24/37 MP: 8/8
  5051 | D:5      | Reached XP level 8. HP: 27/42 MP: 9/9
  5137 | D:5      | Found a shadowy altar of Dithmenos.
  5620 | D:5      | Reached skill level 9 in Stealth
  6068 | D:5      | Reached skill level 5 in Slings
  6918 | D:6      | Noticed Grinder
  6982 | D:6      | Killed Grinder
  6982 | D:6      | Reached skill level 10 in Stealth
  6982 | D:6      | Reached XP level 9. HP: 46/46 MP: 10/10
  7331 | D:6      | Noticed Edmund
  7370 | D:6      | Killed Edmund
  7814 | D:7      | Slain by an orc warrior

Vault maps used:
D:1:      lightli_arrival_noodles
D:2:      lemuel_crystal_altar, first_ration, uniq_crazy_yiuf_cottage,
          uniq_terence, uniq_robin
D:3:      fedhas_altar_3
D:4:      minmay_temple_entry_large_hall, portal_sewer_entry_c, serial_shops,
          shop, tgw_trog
D:5:      nicolae_overflow_crystal_walls
D:6:      uniq_grinder, uniq_edmund
D:7:      minitemple, kennysheep_little_box, uniq_pikel
Temple:   compressed_dpeg_triangle_lava_temple
Sewer:    sewer_kobolds

Skill      XL: |  1  2  3  4  5  6  7  8  9 |
---------------+----------------------------+-----
Stealth        | 6 7 8 10 | 10.3
Dodging        | 2 3 4 6 7 8 |  8.1
Fighting       | 2 3 4 |  4.8
Short Blades   | 3 5 6 |  6.4
Slings         | 1 2 4 5 6 |  6.1
Throwing       | |  2.4

Action                   |  1- 3 |  4- 6 |  7- 9 || total
-------------------------+-------+-------+-------++-------
Melee: Dagger            |    96 |    46 |   120 ||   262
 Fire: Blowgun           |    16 |    12 |    15 ||    43
       Hunting sling     |     3 |   346 |   230 ||   579
Throw: Tomahawk          |       |     1 |       ||     1
  Use: Scroll            |       |    13 |       ||    13
       Potion            |       |     1 |       ||     1
 Stab: Sleeping          |    10 |     3 |     1 ||    14
       Distracted        |       |       |     3 ||     3
  Eat: Ration            |       |       |     2 ||     2
Armor: Robe              |    11 |    14 |     7 ||    32
Dodge: Dodged            |    54 |   128 |   135 ||   317

Table legend:
 A = Spawn XP
 B = Non-spawn XP
 C = Spawn XP percentage of total XP
 D = Spawn monster count
 E = Non-spawn monster count
 F = Spawn count percentage of total count
 G = Total turns spent on level
                    A         B        C        D         E        F      G
               +---------+---------+-------+---------+---------+-------+---------
         Total |       0 |    3398 |   0.0 |       0 |     177 |   0.0 |  7814
               +---------+---------+-------+---------+---------+-------+---------
           D:1 |       0 |      46 |   0.0 |       0 |      27 |   0.0 |   921
           D:2 |       0 |     182 |   0.0 |       0 |      39 |   0.0 |  1582
           D:3 |       0 |      46 |   0.0 |       0 |      26 |   0.0 |   549
           D:4 |       0 |     201 |   0.0 |       0 |      25 |   0.0 |   881
           D:5 |       0 |    1563 |   0.0 |       0 |      20 |   0.0 |  1426
           D:6 |       0 |    1064 |   0.0 |       0 |      21 |   0.0 |  1390
           D:7 |       0 |     179 |   0.0 |       0 |       9 |   0.0 |   156
         Sewer |       0 |     117 |   0.0 |       0 |      10 |   0.0 |   491
               +---------+---------+-------+---------+---------+-------+---------
